 Dungeon Crawl Stone Soup version 0.26-a0-652-gafc20e3620 (webtiles) character file.

Game seed: 10230622718648231277

31754 lunkers the Warrior (level 13, -9/117 HPs)
             Began as a Demonspawn Fighter on Oct 2, 2020.
             Was an Initiate of Gozag.
             Mangled by a komodo dragon (21 damage)
             ... on level 5 of the Lair of Beasts.
             The game lasted 00:33:36 (19604 turns).

lunkers the Warrior (Demonspawn Fighter)           Turns: 19604, Time: 00:33:37

Health: -9/117     AC: 33    Str: 22    XL:     13   Next: 27%
Magic:  13/13      EV:  8    Int: 10    God:    Gozag
Gold:   4014       SH:  9    Dex: 12    Spells: 12/12 levels left

rFire    . . .     SeeInvis .   a - +4 flail (protect)
rCold    + . .     Faith    .   c - +0 kite shield
rNeg     . . .     Spirit   .   u - +3 leather armour {rC+}
rPois    +         Reflect  .   S - +0 helmet
rElec    .         Harm     .   v - +0 cloak
rCorr    .         Rampage  .   w - +0 pair of gloves
MR       .....                  q - +0 pair of boots
Stlth    +.........             D - amulet of regeneration
HPRegen  0.69/turn              E - ring of poison resistance
MPRegen  0.13/turn              P - +4 ring of protection

@: about to teleport, gold aura, sanguine armour, protection aura
A: claws 2, demonic guardian 2, powered by death 2, sanguine armour 3
a: Potion Petition, Call Merchant, Bribe Branch, Renounce Religion


You were on level 5 of the Lair of Beasts.
You worshipped Gozag.
Gozag was most pleased with you.
You visited 2 branches of the dungeon, and saw 17 of its levels.

You collected 4074 gold pieces.
You paid 60 gold pieces to Gozag.

Inventory:

Hand Weapons
 a - a +4 flail of protection (weapon)
 h - a +2 dagger of speed
 F - a +1 morningstar of protection
Missiles
 M - 7 curare-tipped darts {=f}
Armour
 c - a +0 kite shield (worn)
 q - a +0 pair of boots (worn)
 u - a +3 leather armour of cold resistance (worn)
 v - a +0 cloak (worn)
 w - a +0 pair of gloves (worn)
 S - a +0 helmet (worn)
 X - a +0 crystal plate armour
Jewellery
 A - an uncursed ring of resist corrosion
 B - an uncursed amulet of magic regeneration
 D - an amulet of regeneration (around neck)
 E - a ring of poison resistance (left hand)
 N - a +6 ring of intelligence
 P - a +4 ring of protection (right hand)
 U - an uncursed amulet of the acrobat {unknown}
 W - an uncursed ring of protection from fire {unknown}
Wands
 l - a wand of random effects (68)
 s - a wand of flame (36)
 x - a wand of polymorph (38)
 C - a wand of digging (8)
 H - a wand of acid (12)
 J - a wand of iceblast (10)
Scrolls
 b - a scroll of summoning {unknown}
 e - 3 scrolls of identify
 g - 7 scrolls of enchant armour {unknown}
 i - 5 scrolls of fear {unknown}
 k - a scroll of random uselessness {unknown}
 m - 5 scrolls of enchant weapon {unknown}
 n - 8 scrolls of teleportation
 o - 2 scrolls of amnesia {unknown}
 p - 5 scrolls of remove curse {unknown}
 r - 5 scrolls of blinking {unknown}
 y - 4 scrolls of vulnerability {unknown}
 G - 3 scrolls of noise {unknown}
 K - 3 scrolls of immolation {unknown}
 O - a scroll of magic mapping {unknown}
 T - a scroll of torment {unknown}
Potions
 d - 4 potions of might
 f - 7 potions of curing
 j - 2 potions of haste
 t - a potion of ambrosia
 z - 3 potions of flight
 L - a potion of cancellation
 Q - 2 potions of resistance
 R - a potion of magic
 V - a potion of brilliance {unknown}
Miscellaneous
 I - a condenser vane (1/2)


   Skills:
 + Level 15.8 Fighting
 - Level 5.1 Short Blades
 * Level 13.5 Maces & Flails
 - Level 2.6 Armour
 - Level 2.6 Shields


You had 12 spell levels left.
You didn't know any spells.
Your spell library contained the following spells:

 Spells                   Type           Power        Failure   Level
 Animate Skeleton         Necr           #.....       91%         1
 Apportation              Tloc           #.....       91%         1
 Beastly Appendage        Tmut           #.....       91%         1
 Corona                   Hex            #......      91%         1
 Magic Dart               Conj           #...         91%         1
 Sting                    Tmut/Pois      #...         91%         1
 Summon Small Mammal      Summ           #...         91%         1
 Blink                    Tloc           N/A          97%         2
 Call Imp                 Summ           #.......     97%         2
 Ensorcelled Hibernation  Hex/Ice        #.....       97%         2
 Poisonous Vapours        Pois/Air       #.....       97%         2
 Slow                     Hex            #.......     97%         2
 Wereblood                Tmut           #.......     97%         2
 Confusing Touch          Hex            #.......     100%        3
 Conjure Flame            Conj/Fire      #.......     100%        3
 Dazzling Flash           Conj/Hex       #.....       100%        3
 Ignite Poison            Fire/Tmut/Pois #.......     100%        3
 Mephitic Cloud           Conj/Pois/Air  #.......     100%        3
 Spider Form              Tmut/Pois      #.........   100%        3
 Tukima's Dance           Hex            #.......     100%        3
 Animate Dead             Necr           #.........   100%        4
 Cause Fear               Hex            #.........   100%        4
 Ice Form                 Ice/Tmut       #.......     100%        4
 Olgreb's Toxic Radiance  Pois           #.......     100%        4
 Blade Hands              Tmut           #.........   100%        5
 Borgnjor's Vile Clutch   Necr/Erth      #.........   100%        5
 Silence                  Hex/Air        #.........   100%        5
 Yara's Violent Unravell  Hex/Tmut       #.........   100%        5
 Death Channel            Necr           #.........   100%        6
 Simulacrum               Ice/Necr       #.........   100%        6
 Discord                  Hex            #.........   100%        8


Dungeon Overview and Level Annotations

Branches:
Dungeon (11/15)            Temple (0/1) D:6            Lair (6/6) D:8
 Shoals (0/4) Lair:3        Snake (0/4) Lair:2
  Slime: Lair:5-6       Orc: D:9-12

Altars:
Ashenzari
Elyvilon
Fedhas
Gozag
Hepliaklqana
Kikubaaqudgha
Nemelex Xobeh
Okawaru
Ru
Sif Muna
Trog
Vehumet
Wu Jian
Xom
Yredelemnul
Zin
The Shining One

Shops:
D:9 }

Portals:
Abyss: Lair:1

Annotations:
Lair:1 2 transporters, relicbr's ghost, journeyman OpEE


Innate Abilities, Weirdness & Mutations

You have very sharp fingernails.
A demonic guardian rushes to your aid.
You regenerate health from kills.
When seriously injured, your bleeding wounds create very thick armour. (AC +12)


Message History

The cane toad is heavily wounded.
The elephant tramples you but does no damage.
The elephant barely misses you. The cane toad stings you!
* * * LOW HITPOINT WARNING * * *
The komodo dragon bites you.
* * * LOW HITPOINT WARNING * * *
You thump the cane toad!
The cane toad is severely wounded.
You block the cane toad's attack. You block the elephant's attack.
The elephant trunk-slaps you but does no damage.
The komodo dragon bites you!
* * * LOW HITPOINT WARNING * * *
Unknown command.
As you read the scroll of teleportation, it crumbles to dust.
You feel strangely unstable. The cane toad stings you!
* * * LOW HITPOINT WARNING * * *
The elephant becomes distracted by your gold, dreaming of imaginary riches.
The komodo dragon bites you!!
You die...
Your body crumbles into a pile of gold.

##P.....###
#......##
###.....# #.....##
# #....## ##.(..#
# ##..#### #...##
##..#.# ##.##
##..#.## #..##
#.#..#### #...# #
##..###P####.l##
#####.##P...##.F@#
...............Y##
#.P..##......####
###.######...# ###
#.### ###


You could see an elephant (unaware), a komodo dragon and a cane toad.

Vanquished Creatures
  4 hydras
  2 death yaks
  2 unseen horrors
  Pikel (D:7)
  An elephant (Lair:6)
  2 black mambas (Lair:4)
  A merfolk siren (Lair:3)
  Maggie (D:9)
  3 cane toads
  4 komodo dragons
  A rime drake (Lair:4)
  A merfolk (Lair:3)
  A troll (D:9)
  4 blink frogs
  7 hippogriffs
  A shadow (D:9)
  2 basilisks
  3 wyverns
  11 yaks
  A naga (Lair:2)
  11 water moccasins
  An acid dragon (D:11)
  Edmund (D:6)
  7 porcupines
  5 ice beasts
  A necrophage (D:7)
  9 orc warriors
  A black bear (D:9)
  5 sky beasts
  6 ogres
  2 phantoms
  5 wolves
  7 crocodiles
  A lemure (D:7)
  2 centaurs
  An elf zombie (D:8)
  A big kobold (D:7)
  13 bullfrogs
  5 scorpions
  15 wights
  A howler monkey (D:5)
  2 quasits
  3 centaur zombies
  A bullfrog zombie (D:5)
  4 hounds
  10 orc priests
  Crazy Yiuf (D:4)
  7 human zombies (D:8)
  5 iguanas
  3 jellies (D:11)
  24 orc wizards
  A bullfrog skeleton (D:5)
  A centaur skeleton (D:4)
  Ijyb (D:4)
  9 worker ants
  A killer bee zombie (D:10)
  A hound zombie (D:10)
  A hound skeleton (D:5)
  A mummy (D:8)
  A worker ant zombie (D:5)
  8 adders
  A howler monkey skeleton (D:8)
  2 shadow imps
  6 white imps
  2 ufetubi
  An adder skeleton (D:9)
  3 worms
  7 leopard geckos
  51 orcs
  10 giant cockroaches
  7 goblins
  13 hobgoblins
  7 jackals
  2 quokkas (D:4)
  7 bats
  6 frilled lizards
  A jackal skeleton (D:4)
  5 kobolds
  A leopard gecko skeleton (D:4)
  2 orc zombies (D:8)
  2 quokka skeletons
  A quokka zombie (D:7)
  6 rats
381 creatures vanquished.

Vanquished Creatures (collateral kills)
  8 death yaks
  A fire crab (Lair:5)
  4 elephants
  A merfolk siren (Lair:3)
  3 black mambas
  4 cane toads
  A komodo dragon (Lair:1)
  2 trolls
  A merfolk (Lair:3)
  Grinder (D:3)
  2 hippogriffs
  7 blink frogs
  3 yaks (Lair:4)
  Grum (D:11)
  A water moccasin (D:6)
  A phantom (D:8)
  A wolf (D:11)
  An ogre (D:6)
  2 crocodiles (Lair:1)
  2 bullfrogs
  3 orc wizards
  A shadow imp (D:9)
  5 orcs
  3 kobolds (D:7)
59 creatures vanquished.

Vanquished Creatures (others)
  A sky beast (D:10)
  An orc wizard (D:9)
  3 worker ants (D:9)
  An adder (D:9)
  A quokka (D:9)
  A bush (Lair:5)
  28 fungi
  74 plants
  2 withered plants (D:9)
112 creatures vanquished.

Grand Total: 552 creatures vanquished

Notes
Turn   | Place    | Note
-------+----------+-------------------------------------------
     0 | D:1      | lunkers the Demonspawn Fighter began the quest for the Orb.
     0 | D:1      | Reached XP level 1. HP: 18/18 MP: 1/1
   270 | D:1      | Gained mutation: A weak demonic guardian rushes to your
                  | aid. [demonic ancestry]
   270 | D:1      | Reached XP level 2. HP: 20/24 MP: 2/2
  1148 | D:1      | Gained mutation: You regenerate a little health from kills.
                  | [demonic ancestry]
  1148 | D:1      | Reached XP level 3. HP: 25/29 MP: 3/3
  1749 | D:2      | Found a basalt altar of Yredelemnul.
  1844 | D:2      | Found an ornate altar of the Wu Jian Council.
  2337 | D:3      | Noticed Grinder
  2539 | D:3      | Gained mutation: When seriously injured, your bleeding
                  | wounds create armour. (AC +12) [demonic ancestry]
  2539 | D:3      | Reached XP level 4. HP: 11/37 MP: 4/4
  2543 | D:3      | Killed Grinder
  2543 | D:3      | Reached skill level 5 in Fighting
  2543 | D:3      | Gained mutation: You have sharp fingernails. [demonic
                  | ancestry]
  2543 | D:3      | Reached XP level 5. HP: 17/44 MP: 5/5
  2543 | D:3      | Reached XP level 6. HP: 19/51 MP: 6/6
  2800 | D:3      | Found a radiant altar of Vehumet.
  3125 | D:4      | Noticed a sky beast
  3162 | D:4      | Killed a sky beast
  3162 | D:4      | Reached skill level 6 in Fighting
  4077 | D:4      | Found an opulent altar of Gozag.
  4082 | D:4      | Found a glowing silver altar of Zin.
  4084 | D:4      | Found a broken altar of Ashenzari.
  4166 | D:4      | Became a worshipper of Gozag Ym Sagoz the Greedy
  4185 | D:4      | Noticed Ijyb
  4211 | D:4      | Killed Ijyb
  4211 | D:4      | Gained mutation: You have very sharp fingernails. [demonic
                  | ancestry]
  4211 | D:4      | Reached XP level 7. HP: 46/59 MP: 7/7
  4308 | D:4      | Found a runed translucent door.
  4309 | D:4      | Noticed Crazy Yiuf
  4438 | D:4      | Killed Crazy Yiuf
  4438 | D:4      | Reached skill level 7 in Fighting
  4512 | D:5      | Entered Level 5 of the Dungeon
  4809 | D:5      | Found a sparkling altar of Nemelex Xobeh.
  4861 | D:5      | Found a sacrificial altar of Ru.
  5148 | D:5      | Found a shimmering blue altar of Sif Muna.
  5310 | D:5      | Reached skill level 8 in Fighting
  5604 | D:5      | Found a hazy altar of Hepliaklqana.
  6016 | D:6      | Reached XP level 8. HP: 49/68 MP: 8/8
  6024 | D:6      | Reached skill level 5 in Short Blades
  6124 | D:6      | Noticed Edmund
  6170 | D:6      | Killed Edmund
  6332 | D:6      | Found a glowing silver altar of Zin.
  6349 | D:6      | Reached skill level 1 in Maces & Flails
  6579 | D:6      | Found a staircase to the Ecumenical Temple.
  6613 | D:6      | Reached skill level 9 in Fighting
  6833 | D:6      | Found a white marble altar of Elyvilon.
  6833 | D:6      | Found an iron altar of Okawaru.
  6834 | D:6      | Found a glowing golden altar of the Shining One.
  6968 | D:7      | Reached XP level 9. HP: 69/76 MP: 9/9
  6972 | D:7      | Reached skill level 5 in Maces & Flails
  8570 | D:8      | Noticed Pikel
  8817 | D:7      | Killed Pikel
  8817 | D:7      | Reached skill level 10 in Fighting
  8949 | D:8      | Found an ancient bone altar of Kikubaaqudgha.
  9214 | D:8      | Gained mutation: When seriously injured, your bleeding
                  | wounds create thick armour. (AC +12) [demonic ancestry]
  9214 | D:8      | Reached XP level 10. HP: 71/86 MP: 10/10
 10121 | D:8      | Found a staircase to the Lair.
 10157 | D:9      | Found Taowkati's Gadget Shop.
 10237 | D:9      | Reached skill level 11 in Fighting
 10418 | D:9      | Noticed Maggie
 10436 | D:9      | Killed Maggie
 10436 | D:9      | Reached skill level 10 in Maces & Flails
 10481 | D:9      | Found a bloodstained altar of Trog.
 10678 | D:9      | Found an ancient bone altar of Kikubaaqudgha.
 10680 | D:9      | Found a blossoming altar of Fedhas.
 10909 | D:9      | Reached skill level 12 in Fighting
 11031 | D:9      | Found a shimmering altar of Xom.
 11102 | D:10     | Entered Level 10 of the Dungeon
 11184 | D:10     | Gained mutation: A demonic guardian rushes to your aid.
                  | [demonic ancestry]
 11184 | D:10     | Reached XP level 11. HP: 82/95 MP: 11/11
 11401 | D:10     | Killed an unseen horror
 12152 | D:11     | Killed an unseen horror
 12152 | D:11     | Reached skill level 13 in Fighting
 13239 | D:11     | Noticed Grum
 13251 | D:11     | Killed Grum
 13634 | Lair:1   | Entered Level 1 of the Lair of Beasts
 13672 | Lair:1   | Noticed an eight-headed hydra
 13681 | Lair:1   | Killed an eight-headed hydra
 13681 | Lair:1   | Reached skill level 14 in Fighting
 13863 | Lair:1   | Found a one-way gate to the infinite horrors of the Abyss.
 13863 | Lair:1   | Noticed a rakshasa
 13863 | Lair:1   | Noticed a cyan ugly thing
 13864 | Lair:1   | Noticed relicbr's ghost (journeyman OpEE)
 13892 | Lair:1   | Found a transporter.
 13909 | Lair:1   | Found a transporter.
 13917 | Lair:1   | Noticed a seven-headed hydra
 13986 | Lair:1   | Killed a seven-headed hydra
 14926 | Lair:2   | Gained mutation: You regenerate health from kills. [demonic
                  | ancestry]
 14926 | Lair:2   | Reached XP level 12. HP: 105/108 MP: 12/12
 15096 | Lair:2   | Found a staircase to the Snake Pit.
 15705 | Lair:3   | Found a staircase to the Shoals.
 15840 | Lair:3   | Noticed a death yak
 15840 | Lair:3   | Noticed a death yak
 15841 | Lair:3   | Noticed a death yak
 15842 | Lair:3   | Noticed a death yak
 15848 | Lair:3   | Killed a death yak
 15856 | Lair:3   | Killed a death yak
 15877 | Lair:3   | Killed a death yak
 15883 | Lair:3   | Killed a death yak
 16405 | Lair:3   | Noticed a death yak
 16405 | Lair:3   | Noticed a death yak
 16406 | Lair:3   | Noticed a death yak
 16406 | Lair:3   | Noticed a death yak
 16406 | Lair:3   | Noticed a death yak
 16407 | Lair:3   | Noticed a death yak
 16410 | Lair:3   | Reached skill level 15 in Fighting
 16438 | Lair:2   | Killed a death yak
 16508 | Lair:2   | Killed a death yak
 16520 | Lair:2   | Killed a death yak
 16550 | Lair:3   | Killed a death yak
 16559 | Lair:3   | Killed a death yak
 16565 | Lair:3   | Killed a death yak
 17640 | Lair:4   | Noticed a six-headed hydra
 17656 | Lair:4   | Killed a six-headed hydra
 17656 | Lair:4   | Gained mutation: When seriously injured, your bleeding
                  | wounds create very thick armour. (AC +12) [demonic
                  | ancestry]
 17656 | Lair:4   | Reached XP level 13. HP: 65/116 MP: 13/13
 19484 | Lair:6   | Entered Level 6 of the Lair of Beasts
 19604 | Lair:5   | Mangled by a komodo dragon

Illustrated notes

Levels and vault maps discovered:
D:1:      dpeg_arrival_fog, layout_loops_corners, minmay_pentomino_p2
D:2:      layout_basic, nicolae_overflow_crystal_walls,
          yredelemnul_altar_generic
D:3:      layout_basic, old_standard_altar, uniq_grinder
D:4:      layout_gridville, grunt_temple_overflow_open, uniq_ijyb,
          uniq_crazy_yiuf_cottage
D:5:      layout_loops_corners, nemelex_xobeh_ov_fountains_minmay,
          overflow_temple_1_default, marbit_many_paths, nicolae_ru_awakened_eye
D:6:      layout_rooms, gammafunk_temple_overflow_claw,
          minmay_temple_entry_proselytizer, basic_altar, uniq_edmund
D:7:      layout_loops_ring
D:8:      layout_rooms, grunt_lair_entry_orc_guard_hut,
          lemuel_mausoleum_altar_kikubaaqudgha, uniq_pikel
D:9:      layout_basic, grunt_temple_overflow_growth_and_decay,
          lemuel_crystal_altar, xom_confusion_cloud, serial_shops, shop,
          uniq_maggie
D:10:     layout_loops_cross, hangedman_abyss_or_decor_stagger, minmay_circle_x
D:11:     layout_layer_cave, uniq_grum
Lair:1:   layout_chaotic_city, gammafunk_ghost_abyssal_escape
Lair:2:   layout_gridlike, guppyfry_snake_entry_island
Lair:3:   layout_cave_pods, elwin_shoals_entry_stream
Lair:4:   layout_layer_cave
Lair:5:   layout_loops_ring, patterned_corridor
Lair:6:   minmay_lair_end_frog_pond, layout_regular_city,
          minmay_slime_entry_jelly_boxes, lemuel_fruit_fields,
          serial_bayou_shore_b

Skill      XL: |  1  2  3  4  5  6  7  8  9 10 11 12 13 |
---------------+----------------------------------------+-----
Short Blades   | 2 3 4 5 |  5.1
Fighting       | 5 6 8 9 10 12 14 15 | 15.8
Maces & Flails | 4 8 10 12 13 | 13.5
Armour         | |  2.6
Shields        | |  2.6

Action                   |  1- 3 |  4- 6 |  7- 9 | 10-12 | 13-15 || total
-------------------------+-------+-------+-------+-------+-------++-------
Melee: Rapier            |    81 |       |       |       |       ||    81
       Dagger            |   125 |   192 |   343 |       |       ||   660
       Flail             |       |       |   364 |   974 |   143 ||  1481
Evoke: Wand              |       |       |       |     4 |       ||     4
       Condenser vane    |       |       |       |     1 |     1 ||     2
  Use: Potion            |     1 |       |       |       |       ||     1
       Scroll            |       |       |     3 |     6 |     1 ||    10
 Stab: Distracted        |       |       |     3 |     7 |       ||    10
Armor: Scale mail        |    73 |    47 |       |       |       ||   120
       Leather armour    |       |       |   292 |   482 |    94 ||   868
Dodge: Dodged            |    43 |    30 |   182 |   304 |    54 ||   613
Block: Kite shield       |    72 |    54 |   247 |   438 |    64 ||   875

Table legend: (Time is in decaauts)
 A = Elapsed time spent in this place.
 B = Non-inter-level travel time spent in this place.
 C = Inter-level travel time spent in this place.
 D = Time resting spent in this place.
 E = Time spent auto-exploring this place.
 F = Levels seen in this place.
 G = Mean time per level.
                   A        B        C        D        E       F      G
               +--------+--------+--------+--------+--------+-----+--------+
         Total |  19416 |  18925 |    491 |    740 |  14329 |  17 | 1142.1 |
       Dungeon |  13503 |  13140 |    363 |    644 |   9640 |  11 | 1227.5 |
          Lair |   5912 |   5784 |    128 |     96 |   4689 |   6 |  985.3 |
               +--------+--------+--------+--------+--------+-----+--------+

Top non-repeatable levels by time:
  Lair:4: 1660 daAuts
     D:7: 1575 daAuts
    D:11: 1513 daAuts
     D:6: 1372 daAuts
     D:5: 1355 daAuts
     D:8: 1343 daAuts
     D:4: 1336 daAuts
     D:1: 1312 daAuts
  Lair:3: 1211 daAuts
  Lair:2: 1085 daAuts
     D:2: 1034 daAuts
  Lair:1: 1024 daAuts
    D:10: 977 daAuts
     D:9: 959 daAuts
  Lair:5: 866 daAuts
